 Dungeon Crawl Stone Soup version 0.27-a0-101-g3cb999cee2 (webtiles) character file.

Game seed: 8048650804070563747

161 SkiChan the Skirmisher (level 5, -1/34 HPs)
             Began as a Gargoyle Fighter on Jan 21, 2021.
             Slain by an orc wizard
             ... wielding a +0 dagger
              (2 damage)
             ... on level 3 of the Dungeon.
             The game lasted 00:05:25 (2371 turns).

SkiChan the Skirmisher (Gargoyle Fighter)           Turns: 2371, Time: 00:05:25

Health: -1/34      AC: 13    Str: 20    XL:     5   Next: 42%
Magic:  5/5        EV:  7    Int:  9    God:
Gold:   122        SH:  0    Dex:  9    Spells: 4/4 levels left

rFire    . . .     SeeInvis .   a - +0 flail
rCold    . . .     Faith    .   c - +0 kite shield
rNeg     + . .     Spirit   .   b - +0 scale mail
rPois    ∞         Reflect  .   s - +0 helmet
rElec    +         Harm     .   (no cloak)
rCorr    .         Rampage  .   (no gloves)
Will     .....                  o - +0 pair of boots
Stlth    ..........             (no amulet)
HPRegen  0.11/turn              (no ring)
MPRegen  0.09/turn              (no ring)

@: confused, mighty
A: negative energy resistance 1, electricity resistance, unbreathing,
petrification resistance, miasma immunity, AC +4
a: no special abilities


You were on level 3 of the Dungeon.
You visited 1 branch of the dungeon, and saw 3 of its levels.

You collected 122 gold pieces.

Inventory:

Hand Weapons
 a - a +0 flail (weapon)
 r - a +4 short sword of draining
Missiles
 n - 3 javelins (quivered)
Armour
 b - a +0 scale mail (worn)
 c - a +0 kite shield (worn)
 o - a +0 pair of boots (worn)
 s - a +0 helmet (worn)
Scrolls
 e - 2 scrolls of enchant weapon {unknown}
 h - 2 scrolls of identify {unknown}
 l - a scroll of remove curse {unknown}
 m - 2 scrolls of magic mapping {unknown}
 p - a scroll of blinking {unknown}
 q - a scroll of noise {unknown}
Potions
 f - 2 potions of flight {unknown}
 g - 2 potions of heal wounds {unknown}
 i - a potion of mutation {unknown}
 j - 2 potions of brilliance {unknown}
 k - a potion of curing {unknown}
 t - a potion of degeneration {unknown}


   Skills:
 * Level 4.6 Fighting
 * Level 3.4 Maces & Flails
 + Level 3.9 Armour
 + Level 4.1 Shields


You had 4 spell levels left.
You didn't know any spells.
Your spell library was empty.

Dungeon Overview and Level Annotations

Branches:
Dungeon (3/15)

Altars:


Innate Abilities, Weirdness & Mutations

You are resistant to torment.
Your stone body is resilient. (AC +4)
You are immune to poison.
You resist negative energy. (rN+)
You are resistant to electric shocks. (rElec)
You can survive without breathing.
You are immune to petrification.
You are immune to miasma.


Message History

* * * LOW HITPOINT WARNING * * *
You closely miss something. Something hits you but does no damage.
The dart slug launches a dart at you.
The slug dart hits you but does no damage.
You bump into the rock wall.
You hear some strange, mumbled words.
A magic dart appears from out of thin air!
The magic dart hits you.
* * * LOW HITPOINT WARNING * * *
You feel less confused. Something hits you but does no damage.
You barely miss something.
Something hits you but does no damage. x2
You miss something. Something hits you but does no damage.
You miss something. Something hits you.
* * * LOW HITPOINT WARNING * * *
You barely miss something.
You hear some strange, mumbled words.
You are confused.
Something hits you.
You die...

#.......## # .
#........# .#
#........###.#.##
###.o.w.#...[.(...
#......######.....
#o###.#### ....
#w# #.†..## .##
#{###..#..# #
#@..).###.# .##
###.#..#..# ...
#.#....## ###
#.#.#.##### ...
#.........# ###
#.#######.# ## #†#
#.# .. #.# #.# ###
#.# #.. .


You could see a dart slug and an orc.

Vanquished Creatures
  Robin (D:3)
  4 adders
  2 oozes (D:1)
  2 worms
  A dart slug (D:2)
  6 leopard geckos
  2 orcs (D:3)
  8 bats
  3 giant cockroaches
  12 hobgoblins
  4 jackals (D:1)
  9 kobolds
  A quokka (D:2)
  5 frilled lizards
  17 goblins
  8 rats
85 creatures vanquished.

Notes
Turn   | Place    | Note
-------+----------+-------------------------------------------
     0 | D:1      | SkiChan the Gargoyle Fighter began the quest for the Orb.
     0 | D:1      | Reached XP level 1. HP: 14/14 MP: 1/1
    93 | D:1      | Reached XP level 2. HP: 19/19 MP: 2/2
   325 | D:1      | Reached XP level 3. HP: 24/24 MP: 3/3
  1058 | D:2      | Reached XP level 4. HP: 29/29 MP: 4/4
  1922 | D:3      | Noticed Robin
  1929 | D:3      | Reached XP level 5. HP: 31/34 MP: 5/5
  1933 | D:3      | Killed Robin
  2370 | D:3      | HP: 1/34 [something (2)]
  2371 | D:3      | Slain by an orc wizard

Illustrated notes

Levels and vault maps discovered:
D:1:      sevenhm_arrival_forest_fort_large_2, layout_rooms,
          kennysheep_small_spiral, minmay_3d_cube
D:2:      layout_loops_ring
D:3:      layout_loops_ring, chequers_temple_overflow_minitemple, uniq_robin

Skill      XL: |  1  2  3  4 |
---------------+-------------+-----
Fighting       | 4 |  4.6
Maces & Flails | 3 |  3.4
Shields        | 4 |  4.1
Armour         | |  3.9

Action                   |  1- 3 |  4- 6 || total
-------------------------+-------+-------++-------
Melee: Flail             |   159 |   227 ||   386
  Use: Potion            |       |     1 ||     1
Armor: Scale mail        |   111 |   177 ||   288
Dodge: Dodged            |    85 |    76 ||   161
Block: Kite shield       |   102 |   112 ||   214

Table legend: (Time is in decaauts)
 A = Elapsed time spent in this place.
 B = Non-inter-level travel time spent in this place.
 C = Inter-level travel time spent in this place.
 D = Time resting spent in this place.
 E = Time spent auto-exploring this place.
 F = Levels seen in this place.
 G = Mean time per level.
                   A        B        C        D        E       F      G
               +--------+--------+--------+--------+--------+-----+--------+
         Total |   2503 |   2424 |     79 |    113 |   1522 |   3 |  834.3 |
       Dungeon |   2503 |   2424 |     79 |    113 |   1522 |   3 |  834.3 |
               +--------+--------+--------+--------+--------+-----+--------+

Top non-repeatable levels by time:
     D:1: 1002 daAuts
     D:2: 905 daAuts
     D:3: 595 daAuts
